 Dungeon Crawl Stone Soup version 0.28.0-43-g3370ac3207 (webtiles) character file.

Game seed: 18011305815119792037

376 styxcanada the Covert (level 6, 0/30 HPs)
             Began as a Spriggan Brigand on Mar 23, 2022.
             Was an Initiate of Gozag.
             Slain by a wyvern zombie (2 damage)
             ... on level 6 of the Dungeon.
             The game lasted 00:17:31 (5026 turns).

styxcanada the Covert (Spriggan Brigand)            Turns: 5026, Time: 00:17:32

Health: 0/30       AC:  2    Str:  7    XL:     6   Next: 44%
Magic:  9/10       EV: 18    Int: 13    God:    Gozag
Gold:   236        SH:  0    Dex: 18    Spells: 5/9 levels left

rFire   . . .      SeeInvis +   a - +3 dagger
rCold   . . .      Faith    .   (no shield)
rNeg    . . .      Spirit   .   b - +0 robe
rPois   .          Reflect  .   (helmet restricted)
rElec   .          Harm     .   u - scarf {+Inv}
rCorr   .          Rampage  .   (gloves unavailable)
Will    +....                   (boots unavailable)
Stlth   ++++......              (no amulet)
HPRegen 0.10/turn               (no ring)
MPRegen 0.12/turn               (no ring)

@: gold aura, very quick
A: very small, no large weapons, unfitting armour, see invisible, speed 3
a: Renounce Religion, Evoke Invisibility, Potion Petition, Call Merchant, Bribe
Branch


You were on level 6 of the Dungeon.
You worshipped Gozag.
Gozag was aware of your devotion.
You visited 2 branches of the dungeon, and saw 6 of its levels.

You collected 316 gold pieces.
You paid 80 gold pieces to Gozag.

Inventory:

Hand Weapons
 a - a +3 dagger (weapon)
 k - a +0 hunting sling
Missiles
 d - 2 poisoned darts (quivered)
 e - 2 curare-tipped darts
 g - 79 stones
 j - 5 boomerangs
 l - 19 sling bullets
Armour
 b - a +0 robe (worn)
 c - a +0 cloak
 u - a scarf of invisibility (worn)
Wands
 s - a wand of acid (4)
Scrolls
 h - a scroll of fear
 o - a scroll of summoning {unknown}
 p - 2 scrolls of enchant armour {unknown}
 t - a scroll of silence {unknown}
Potions
 f - a potion of flight
 i - a potion of invisibility {unknown}
 m - a potion of degeneration {unknown}
 q - a potion of lignification {unknown}
 r - a potion of brilliance {unknown}
 v - a potion of cancellation {unknown}


   Skills:
 * Level 2.1 Fighting
 + Level 3.4 Short Blades
 + Level 1.6(2.6) Slings
 + Level 2.6(2.8) Throwing
 * Level 2.9 Dodging
 * Level 8.5 Stealth
 * Level 2.0 Spellcasting
 * Level 1.2 Summonings
 * Level 1.0 Evocations


You had 5 spell levels left.
You knew the following spells:

 Your Spells              Type           Power      Damage    Failure   Level
a - Summon Small Mammal   Summ           16%        N/A       16%         1
b - Call Canine Familiar  Summ           4%         N/A       43%         3

Your spell library contained the following spells:

 Spells                   Type           Power      Damage    Failure   Level
 Summon Guardian Golem    Hex/Summ       2%         N/A       52%         3
 Gell's Gravitas          Tloc           1%         N/A       58%         3
 Teleport Other           Tloc           1%         N/A       58%         3
 Dispersal                Tloc           0%         N/A       100%        6


Dungeon Overview and Level Annotations

Branches:
Dungeon (4/15)             Temple (1/1) D:4

Altars:
Ashenzari
Dithmenos
Elyvilon
Fedhas
Gozag
Hepliaklqana
Kikubaaqudgha
Makhleb
Nemelex Xobeh
Okawaru
Qazlal
Ru
Trog
Vehumet
Wu Jian
Xom
Zin
The Shining One


Innate Abilities, Weirdness & Mutations

You are very small and have problems with some larger weapons.
You are too small for most types of armour.
You have supernaturally acute eyesight. (SInv)
You cover ground extremely quickly. (Speed+++)


Message History

The bolt of acid hits Duvessa!
The acid corrodes Duvessa!
Duvessa is moderately wounded.
The bolt of acid hits Dowan!
The acid corrodes Dowan!
Dowan is heavily wounded.
The wyvern zombie bites you!
* * * LOW HITPOINT WARNING * * *
Aiming: Corrosive Bolt
Press: ? - help, Shift-Dir - straight line, f/p - Dowan
Aim: Dowan, wielding a +0 dagger, wearing a +0 robe and carrying a wand of polymorph (2) (heavily wounded, covered in acid, 60% to hit)
The bolt of acid hits the wyvern zombie!
The wyvern zombie is heavily damaged.
The bolt of acid hits Duvessa!
Duvessa seems to be corroded for longer.
Duvessa is almost dead.
The bolt of acid hits Dowan!
Dowan seems to be corroded for longer.
You kill Dowan!
Duvessa screams in rage.
Duvessa goes berserk!
The wyvern zombie misses you.
Your base Slings skill increases to level 1!
You have reached level 6!
Duvessa rages.
Aiming: Corrosive Bolt
Press: ? - help, Shift-Dir - straight line, f - Duvessa
Aim: Duvessa, wielding a +0 short sword and wearing a +3 leather armour of fire resistance (almost dead, berserk, covered in acid, 75% to hit)
The bolt of acid hits the wyvern zombie!
The wyvern zombie is almost destroyed.
The bolt of acid hits Duvessa!
Duvessa seems to be corroded for longer.
You kill Duvessa!
Your Spellcasting skill increases to level 2!
Your Evocations skill increases to level 1!
Throw: 3 darts (poison)
Press: ? - help, Q - select action, (/) - cycle Shift-Dir - straight line, f - wyvern zombie
Aim: a wyvern zombie (almost destroyed, 80% to hit)
You throw a poisoned dart.
The poisoned dart hits the wyvern zombie!
The wyvern zombie is almost destroyed.
The wyvern zombie bites you.
You die...
Your body crumbles into a pile of gold.

#..# #$.#
##..#
##..##
##...#
##..)##
#.(.##
#.Z.## $
#.@..####.
#.........
##.....###
#...###
#!..#
##...##
#.....##
#..##...#
#..#
###.##


You could see a wyvern zombie.

Vanquished Creatures
  Duvessa (D:6)
  Dowan (D:6)
  A gnoll shaman (D:4)
  A centaur skeleton (D:3)
  A hound skeleton (D:4)
  Robin (D:2)
  4 gnolls (D:4)
  3 adders
  2 worms (D:2)
  2 dart slugs
  3 ball pythons (D:1)
  7 endoplasms
  4 giant cockroaches
  6 hobgoblins
  3 quokkas
  9 bats
  4 frilled lizards
  15 goblins
  5 kobolds
  6 rats
79 creatures vanquished.

Notes
Turn   | Place    | Note
-------+----------+-------------------------------------------
     0 | D:1      | styxcanada the Spriggan Brigand began the quest for the
                  | Orb.
     0 | D:1      | Reached XP level 1. HP: 10/10 MP: 2/2
   132 | D:1      | Reached skill level 6 in Stealth
   276 | D:1      | Reached XP level 2. HP: 11/14 MP: 3/3
   998 | D:1      | Found a faded altar of an unknown god.
  1312 | D:2      | Reached XP level 3. HP: 18/18 MP: 4/4
  1376 | D:2      | Reached skill level 7 in Stealth
  1575 | D:2      | Learned a level 1 spell: Summon Small Mammal
  1698 | D:2      | Noticed Robin
  1796 | D:2      | Reached XP level 4. HP: 22/23 MP: 5/5
  1882 | D:2      | Killed Robin
  2650 | D:3      | Reached skill level 1 in Spellcasting
  2856 | D:3      | Learned a level 3 spell: Call Canine Familiar
  3179 | D:3      | Reached XP level 5. HP: 18/26 MP: 7/7
  3523 | D:4      | Reached skill level 8 in Stealth
  3772 | D:4      | Found a staircase to the Ecumenical Temple.
  3777 | Temple   | Entered the Ecumenical Temple
  4122 | Temple   | Became a worshipper of Gozag Ym Sagoz the Greedy
  4483 | D:4      | Reached skill level 1 in Summonings
  4960 | D:4      | You fall into a shaft and drop 2 floors!
  5003 | D:6      | Noticed Duvessa
  5003 | D:6      | Noticed Dowan
  5015 | D:6      | HP: 1/26 [wyvern zombie (12)]
  5017 | D:6      | Killed Dowan
  5018 | D:6      | Reached skill level 1 in Slings
  5018 | D:6      | Reached XP level 6. HP: 2/30 MP: 9/9
  5021 | D:6      | Killed Duvessa
  5022 | D:6      | Reached skill level 1 in Evocations
  5026 | D:6      | Slain by a wyvern zombie

Illustrated notes

Levels and vault maps discovered:
D:1:      kilobyte_arrival_exit_the_forest, layout_loops_corners,
          hellmonk_ecumenical_altar_lost_god
D:2:      layout_basic, uniq_robin
D:3:      layout_basic, minmay_strange_pillars, mrwooster_statue_mirror
D:4:      layout_basic, mainiacjoe_overflow_small_starburst, temple_statues,
          serial_shops, nicolae_lakefront_shop, minmay_misc_feat_chi,
          minmay_misc_feat_columns
D:6:      layout_layer_cave, uniq_crazy_yiuf_cottage, uniq_duvessa, uniq_edmund,
          uniq_grinder
Temple:   kilobyte_greek_temple

Skill      XL: |  1  2  3  4  5  6 |
---------------+-------------------+-----
Stealth        | 6 7 8 |  8.5
Dodging        | 2 |  2.9
Short Blades   | 3 |  3.4
Spellcasting   | 1 2 |  2.0
Fighting       | 2 |  2.1
Summonings     | 1 |  1.2
Slings         | 1 |  1.6
Evocations     | 1 |  1.0
Throwing       | |  2.6

Action                   |  1- 3 |  4- 6 || total
-------------------------+-------+-------++-------
Melee: Dagger            |    88 |    89 ||   177
       Punch             |     2 |     2 ||     4
 Fire: Hunting sling     |       |    27 ||    27
Throw: Dart              |    25 |    12 ||    37
       Boomerang         |       |     7 ||     7
       Stone             |       |     1 ||     1
Evoke: Wand              |       |     3 ||     3
  Use: Scroll            |     6 |     1 ||     7
 Stab: Sleeping          |    16 |     5 ||    21
Armor: Robe              |     9 |     7 ||    16
Dodge: Dodged            |    44 |    57 ||   101
